 Dungeon Crawl Stone Soup version 0.28-a0-973-ga7f8b01127 (webtiles) character file.

Game seed: 5196290202297507041

38 Hipnos the Chiller (level 3, 0/19 HPs)
             Began as a Deep Elf Ice Elementalist on Dec 1, 2021.
             Slain by a worm (9 damage)
             ... on level 2 of the Dungeon.
             The game lasted 00:02:22 (1252 turns).

Hipnos the Chiller (Deep Elf Ice Elementalist)      Turns: 1252, Time: 00:02:22

Health: 0/19       AC:  9    Str:  5    XL:     3   Next: 25%
Magic:  2/10       EV: 12    Int: 21    God:
Gold:   19         SH:  0    Dex: 15    Spells: 2/9 levels left

rFire   . . .      SeeInvis .   (no weapon)
rCold   . . .      Faith    .   (no shield)
rNeg    . . .      Spirit   .   a - +0 robe
rPois   .          Reflect  .   (no helmet)
rElec   .          Harm     .   (no cloak)
rCorr   .          Rampage  .   (no gloves)
Will    .....                   (no boots)
Stlth   ++........              (no amulet)
HPRegen 0.06/turn               (no ring)
MPRegen 0.12/turn               (no ring)

@: ice-armoured, freezing walls
A: no striking features
a: no special abilities


You were on level 2 of the Dungeon.
You visited 1 branch of the dungeon, and saw 2 of its levels.

You collected 19 gold pieces.

Inventory:

Armour
 a - a +0 robe (worn)


   Skills:
 + Level 2.6 Dodging
 - Level 2.4 Stealth
 + Level 3.5 Spellcasting
 * Level 5.3 Ice Magic


You had 2 spell levels left.
You knew the following spells:

 Your Spells              Type           Power      Damage    Failure   Level
a - Freeze                Ice            100%       1d11      1%          1
b - Frozen Ramparts       Ice            52%        1d7       4%          3
c - Ozocubu's Armour      Ice            26%        N/A       4%          3

Your spell library contained the following spells:

 Spells                   Type           Power      Damage    Failure   Level
 Animate Skeleton         Necr           6%         N/A       13%         1
 Pain                     Necr           12%        1d4       13%         1
 Vampiric Draining        Necr           3%         2d6       36%         3
 Hailstorm                Conj/Ice       14%        3d5       38%         4


Dungeon Overview and Level Annotations

Branches:
Dungeon (2/15)

Altars:


Message History

HP restored.
Done exploring.
You climb downwards.
The kobold throws a stone.
The stone hits you but does no damage. The goblin hits you with a +0 club.
The worm bites you.
There is a stone staircase leading up here.
Casting: Freeze (safe; 1% risk of failure)
Confirm with . or Enter, or press ? or * to list all spells.
The spell is quite dangerous to miscast (4% risk of failure)!
Continue anyway?
A film of ice covers your body! The goblin hits you but does no damage.
Casting: Ozocubu's Armour (quite dangerous; 4% risk of failure)
Confirm with . or Enter, or press ? or * to list all spells.
The spell is quite dangerous to miscast (4% risk of failure)!
Continue anyway?
Casting: Frozen Ramparts (quite dangerous; 4% risk of failure)
Press: ? - help, Dir - look around, f - activate A stone staircase leading up.
The walls around you are covered in ice.
The goblin hits you but does no damage.
The wall freezes the quokka.
The quokka bites you. The worm bites you.
Casting: Frozen Ramparts (quite dangerous; 4% risk of failure)
Confirm with . or Enter, or press ? or * to list all spells.
Aiming: Freeze (safe; 1% risk of failure)
Press: ? - help, Shift-Dir - straight line, f - worm
Aim: a worm You freeze the worm.
The worm is lightly wounded.
The wall freezes the quokka.
The quokka barely misses you. The goblin closely misses you.
The wall freezes the kobold!
You kill the kobold!
Casting: Freeze (safe; 1% risk of failure)
Confirm with . or Enter, or press ? or * to list all spells.
Aiming: Freeze (safe; 1% risk of failure)
Press: ? - help, Shift-Dir - straight line, f/p - worm
Aim: a worm (lightly wounded)
You freeze the worm!
The worm is severely wounded.
The wall freezes the quokka.
You kill the quokka!
The goblin barely misses you. The worm bites you!
You die... #... #..#. #rg

..... #.# .....#####
#.####...
..#......###+#........
.........#..wr$####..#
#.......#.....# ...
##....wg.#.....##...##
.......@†.)...........
##########....#####.##
#....# #....### #.....
#...... #.#.....
#.#...... #.+.....


You could see a worm and a goblin.

Vanquished Creatures
  4 dart slugs (D:1)
  A ball python (D:1)
  4 bats (D:1)
  3 endoplasms (D:1)
  3 giant cockroaches (D:1)
  A goblin (D:1)
  2 hobgoblins (D:1)
  4 kobolds
  2 quokkas
  A frilled lizard (D:1)
  2 rats (D:1)
27 creatures vanquished.

Notes
Turn   | Place    | Note
-------+----------+-------------------------------------------
     0 | D:1      | Hipnos the Deep Elf Ice Elementalist began the quest for
                  | the Orb.
     0 | D:1      | Reached XP level 1. HP: 10/10 MP: 6/6
    89 | D:1      | Reached XP level 2. HP: 8/15 MP: 2/8
   342 | D:1      | Reached skill level 5 in Ice Magic
   766 | D:1      | Reached XP level 3. HP: 18/19 MP: 6/10
  1174 | D:1      | Learned a level 3 spell: Frozen Ramparts
  1178 | D:1      | Learned a level 3 spell: Ozocubu's Armour
  1252 | D:2      | Slain by a worm

Illustrated notes

Levels and vault maps discovered:
D:1:      dpeg_arrival_shelter, layout_loops_ring, minmay_strange_pillars
D:2:      minmay_diamond_boxcup, layout_basic, chequers_ecumenical_altar_island

Skill      XL: |  1  2 |
---------------+-------+-----
Ice Magic      | 5 |  5.3
Dodging        | |  2.6
Stealth        | |  2.4
Spellcasting   | |  3.5

Action                   || total
-------------------------++-------
Melee: Unarmed           ||    11
 Cast: Freeze            ||    39
       Ozocubu's Armour  ||     1
       Frozen Ramparts   ||     1
 Stab: Sleeping          ||     1
Armor: Robe              ||    14
Dodge: Dodged            ||    24

Table legend: (Time is in decaauts)
 A = Elapsed time spent in this place.
 B = Non-inter-level travel time spent in this place.
 C = Inter-level travel time spent in this place.
 D = Time resting spent in this place.
 E = Time spent auto-exploring this place.
 F = Levels seen in this place.
 G = Mean time per level.
                   A        B        C        D        E       F      G
               +--------+--------+--------+--------+--------+-----+--------+
         Total |   1252 |   1222 |     30 |      0 |   1044 |   2 |  626.0 |
       Dungeon |   1252 |   1222 |     30 |      0 |   1044 |   2 |  626.0 |
               +--------+--------+--------+--------+--------+-----+--------+

Top non-repeatable levels by time:
     D:1: 1223 daAuts
     D:2: 29 daAuts
